 Dungeon Crawl Stone Soup version 0.18-a0-1731-g08f49a8 (webtiles) character file.

2741 vortex the Destroyer (level 9, -3/52 HPs)
             Began as a Deep Elf Wizard on Apr 11, 2016.
             Was an Initiate of Vehumet.
             Hit by a stone thrown by an orc warrior (7 damage)
             ... on level 7 of the Dungeon.
             The game lasted 00:43:44 (10721 turns).

vortex the Destroyer (Deep Elf Wizard)             Turns: 10721, Time: 00:43:45

Health: -3/52      AC:  4    Str:  4    XL:     9   Next: 40%
Magic:  1/23       EV: 12    Int: 31    God:    Vehumet [......]
Gold:   126        SH:  0    Dex: 13    Spells: 6 memorised, 13 levels left

rFire  . . .     SeeInvis +     F - +3 dagger "Ogreslayer" {pierce, rF- rC++ Int+4 SInv}
rCold  + + +     Gourm    .     h - +2 robe {MR+}
rNeg   . . .     Faith    .     (no shield)
rPois  .         Spirit   .     f - +0 hat
rElec  .         Dismiss  .     (no cloak)
rCorr  .         Reflect  .     (no gloves)
SustAt .         Harm     .     (no boots)
MR     +....     Clarity  +     (no amulet)
Stlth  ++........               m - ring of protection from cold
                                k - ring of flight

@: somewhat resistant to hostile enchantments, unstealthy
A: antennae 1, clarity, fire resistance 1
a: Renounce Religion, Evoke Flight


You were on level 7 of the Dungeon.
You worshipped Vehumet.
Vehumet was noncommittal.
You were not hungry.

You visited 1 branch of the dungeon, and saw 7 of its levels.
You also visited: Sewer.

You collected 326 gold pieces.
You spent 200 gold pieces at shops.

Inventory:

Hand Weapons
 y - a +0 dagger of venom
 F - the +3 dagger "Ogreslayer" (weapon) {pierce, rF- rC++ Int+4 SInv}
   (You took it off an orc on level 5 of the Dungeon)

   It inflicts extra damage upon your enemies.
   It affects your intelligence (+4).
   It makes you vulnerable to fire.
   It greatly protects you from cold.
   It lets you see invisible.
Missiles
 n - 6 tomahawks (quivered)
Armour
 f - a +0 hat (worn)
 h - a +2 robe of magic resistance (worn)
Jewellery
 k - a ring of flight (left hand)
 m - a ring of protection from cold (right hand)
 C - an uncursed ring of protection from cold
Wands
 a - a wand of flame (25/48)
 i - a wand of random effects (20/48)
Scrolls
 g - 2 scrolls of random uselessness {unknown}
 j - a scroll of immolation {unknown}
 l - a scroll of magic mapping {unknown}
 o - a scroll of recharging {unknown}
 p - 3 scrolls of remove curse
 q - 5 scrolls of identify
 r - a scroll of teleportation
 t - a scroll of enchant weapon {unknown}
 u - a scroll of enchant armour {unknown}
 x - 3 scrolls of fear {unknown}
 B - 2 scrolls of noise {unknown}
Potions
 b - 3 potions of cancellation
 e - 2 potions of haste
 s - 2 potions of brilliance
 v - 5 potions of flight
 w - a potion of magic
 z - 2 potions of cure mutation
 D - a potion of resistance
 E - 2 potions of curing
Books
 c - a book of Minor Magic

   Spells                             Type                      Level
   a - Magic Dart                     Conjuration                  1
   b - Blink                          Translocation                2
   c - Call Imp                       Summoning                    2
   d - Repel Missiles                 Charms/Air                   2
   e - Slow                           Hexes                        2
   f - Conjure Flame                  Conjuration/Fire             3
   g - Mephitic Cloud                 Conjuration/Poison/Air       3
Comestibles
 d - 5 bread rations


   Skills:
 + Level 4.3 Fighting
 - Level 2.4 Dodging
 - Level 2.4 Stealth
 + Level 8.6 Spellcasting
 * Level 8.8 Conjurations
   Level 1.1 Summonings
 - Level 1.1 Translocations
 + Level 5.8 Fire Magic
 + Level 3.5 Evocations


You had 13 spell levels left.
You knew the following spells:

 Your Spells              Type           Power        Failure   Level  Hunger
a - Magic Dart            Conj           ####         1%          1    None
b - Conjure Flame         Conj/Fire      ######..     1%          3    None
e - Flame Tongue          Conj/Fire      #####        1%          1    None
m - Mephitic Cloud        Conj/Pois/Air  ####....     3%          3    None
x - Blink                 Tloc           N/A          4%          2    None
y - Repel Missiles        Chrm/Air       ##....       8%          2    None


Dungeon Overview and Level Annotations

Branches:
Dungeon (7/15)
 Temple: D:4-7

Altars:
Gozag
Nemelex Xobeh
Vehumet
The Shining One

Shops:
D:4 !

Annotations:
D:5 vortex's ghost, novice DEWz
D:6 Bolverk's ghost, novice HOGl


Innate Abilities, Weirdness & Mutations

You have a pair of small antennae on your head.
You possess an exceptional clarity of mind.
Your flesh is heat resistant.


Message History

The stone is repelled.
You feel less protected from missiles.
Casting: Mephitic Cloud
Confirm with . or Enter, or press ? or * to list all spells.
Aiming: Flame Tongue
Press: ? - help, Shift-Dir - straight line, f/p - jackal
Aim: a jackal (confused)
The flame tongue hits the jackal.
You kill the jackal!
Vehumet accepts your kill.
The orc warrior throws a stone.
The stone barely misses you.
Casting: Flame Tongue
Confirm with . or Enter, or press ? or * to list all spells.
Aiming: Flame Tongue
Press: ? - help, Shift-Dir - straight line, f - orc warrior
Aim: an orc warrior, wielding a hand axe and wearing a chain mail (noxious fumes, almost dead, unusually resistant)
The flame tongue hits the orc warrior.
The orc warrior resists.
The orc warrior is almost dead.
The orc warrior throws a stone.
The stone hits you!
You die...

.'........ ##........
#........# ..
#........# ...
#........#
...####........#
####........##'#..
##+###.(#........#..#..
#.§o§.@(#........#..+..
#..§##..#........#+##..
#...##..###....### ##.
#...#.....#....# #.
#..o#.....#....# .
#...##..#......# . #...
########### # #... {


You could see an orc warrior.

Vanquished Creatures
  Pikel (D:5)
  Sigmund (D:5)
  Duvessa (D:4)
  3 slaves (D:5)
  A wasp (D:4)
  3 phantoms
  2 ogres (D:5)
  An ice beast (D:4)
  A centaur (D:5)
  A big kobold (D:7)
  A giant frog (D:7)
  Dowan (D:5)
  3 killer bees (D:7)
  5 crimson imps
  An orc priest (D:7)
  4 hounds
  3 giant frog skeletons
  4 orc wizards
  3 iguanas
  5 worker ants
  A sheep (D:7)
  A killer bee zombie (D:7)
  3 gnolls (D:4)
  6 adders
  5 oozes
  2 adder skeletons
  4 worms
  4 giant geckos
  21 orcs
  4 ball pythons (Sewer)
  2 bat skeletons (D:2)
  12 giant cockroaches
  7 hobgoblins
  10 jackals
  3 quokkas
  18 bats
  A giant gecko zombie (D:2)
  10 giant newts
  2 goblins
  10 kobolds
  A quokka skeleton (D:2)
  3 rats
175 creatures vanquished.

Vanquished Creatures (others)
  A dart slug (D:5)
1 creature vanquished.

Grand Total: 176 creatures vanquished

Notes
Turn   | Place    | Note
--------------------------------------------------------------
     0 | D:1      | vortex the Deep Elf Wizard began the quest for the Orb.
     0 | D:1      | Reached XP level 1. HP: 10/10 MP: 7/7
   445 | D:1      | Reached XP level 2. HP: 16/16 MP: 4/9
   449 | D:1      | Learned a level 2 spell: Blink
   452 | D:1      | Learned a level 2 spell: Repel Missiles
   584 | D:1      | You fall through a shaft!
   941 | D:2      | Reached skill level 5 in Spellcasting
  1189 | D:2      | Reached XP level 3. HP: 20/20 MP: 8/11
  1194 | D:2      | Learned a level 3 spell: Conjure Flame
  1198 | D:2      | Learned a level 3 spell: Mephitic Cloud
  1557 | D:2      | Reached skill level 1 in Fighting
  1920 | D:2      | Reached skill level 1 in Fire Magic
  2015 | D:3      | Reached XP level 4. HP: 25/25 MP: 9/13
  2142 | D:3      | Found a glowing drain.
  2158 | Sewer    | Entered a sewer
  3306 | D:3      | Reached XP level 5. HP: 29/29 MP: 13/15
  4019 | D:4      | Found Zekytor's Distillery.
  4089 | D:4      | Bought a potion of resistance for 100 gold pieces
  4089 | D:4      | Bought a potion of curing for 30 gold pieces
  4089 | D:4      | Bought a potion of curing for 30 gold pieces
  4089 | D:4      | Bought a potion of brilliance for 40 gold pieces
  4143 | D:4      | Found an opulent altar of Gozag.
  4290 | D:4      | Reached XP level 6. HP: 35/35 MP: 12/16
  5074 | D:5      | Entered Level 5 of the Dungeon
  5076 | D:5      | Noticed a slave
  5078 | D:5      | Noticed a slave
  5078 | D:5      | Noticed a slave
  5084 | D:5      | Noticed a slave
  5089 | D:5      | Noticed Pikel
  5091 | D:5      | Killed a slave
  5093 | D:5      | Killed a slave
  5095 | D:5      | Killed a slave
  5104 | D:5      | Killed Pikel
  5104 | D:5      | Reached skill level 5 in Conjurations
  5104 | D:5      | Reached XP level 7. HP: 20/40 MP: 1/19
  5406 | D:5      | Reached XP level 8. HP: 35/46 MP: 1/20
  5419 | D:5      | Noticed Sigmund
  5639 | D:5      | Killed Sigmund
  5639 | D:5      | Reached skill level 1 in Evocations
  5647 | D:5      | Noticed Duvessa
  5920 | D:5      | Noticed Dowan
  5930 | D:5      | Killed Dowan
  6367 | D:4      | Killed Duvessa
  6468 | D:5      | Noticed vortex's ghost (novice DEWz)
  6733 | D:5      | You fall through a shaft!
  7054 | D:5      | Reached skill level 5 in Fire Magic
  7196 | D:5      | Got a crude dagger {pierce}
  7197 | D:5      | Identified the +3 dagger "Ogreslayer" {pierce, rF- rC++ Int+4 SInv} (You took it off an orc on level 5 of the Dungeon)
  7360 | D:5      | Gained mutation: You possess an exceptional clarity of mind. [potion of mutation]
  7360 | D:5      | Gained mutation: You have a pair of small antennae on your head. [potion of mutation]
  7360 | D:5      | Gained mutation: Your flesh is heat resistant. [potion of mutation]
  8620 | D:5      | Reached XP level 9. HP: 52/52 MP: 15/23
  8877 | D:5      | Found a glowing golden altar of the Shining One.
  9033 | D:6      | Found a sparkling altar of Nemelex Xobeh.
  9039 | D:6      | Noticed Bolverk's ghost (novice HOGl)
  9578 | D:7      | Found a radiant altar of Vehumet.
  9647 | D:7      | Became a worshipper of Vehumet
 10570 | D:7      | Reached * piety under Vehumet
 10570 | D:7      | Offered knowledge of Flame Tongue by Vehumet.
 10573 | D:7      | Learned a level 1 spell: Flame Tongue
 10721 | D:7      | Hit by a stone thrown by an orc warrior

Vault maps used:
D:1:      nicolae_arrival_washed_ashore, feat_on_display
D:2:      serial_undead, serial_undead_c, serial_undead_e, serial_undead_e,
          serial_undead_d, serial_undead_a, serial_undead_e
D:3:      portal_sewer_entry_f, first_bread
D:4:      kennysheep_mini_moat, serial_shops, nicolae_shop_crystal
D:5:      tso_altar, uniq_pikel, uniq_sigmund, uniq_duvessa
D:6:      lemuel_doored_altar, kennysheep_cross_bottleneck,
          columned_hall_lemuel, uniq_prince_ribbit1
D:7:      kennysheep_little_box, minmay_temple_entry_butterflies,
          grunt_livestock, roderic_three_in_a_row, vehumet_altar_wand_db
Sewer:    sewer_fruit_machine

Skill      XL: |  1  2  3  4  5  6  7  8  9 |
---------------+----------------------------+-----
Conjurations   | 2 3 4 5 6 7 8 |  8.8
Spellcasting   | 5 6 7 8 |  8.6
Fighting       | 1 2 3 4 |  4.3
Fire Magic     | 1 2 3 4 5 |  5.8
Evocations     | 2 3 |  3.5
Dodging        | |  2.4
Stealth        | |  2.4
Summonings     | |  1.1
Translocations | |  1.1

Action                   |  1- 3 |  4- 6 |  7- 9 || total
-------------------------+-------+-------+-------++-------
Melee: Short sword       |     3 |       |       ||     3
       Dagger            |       |    17 |    57 ||    74
 Cast: Magic Dart        |   113 |   176 |   410 ||   699
       Conjure Flame     |       |     4 |    21 ||    25
       Mephitic Cloud    |       |     3 |    19 ||    22
       Repel Missiles    |       |       |     5 ||     5
       Blink             |       |       |    11 ||    11
       Flame Tongue      |       |       |    21 ||    21
 Abil: Evoke Flight      |       |     7 |       ||     7
Evoke: Wand              |       |       |    16 ||    16
  Use: Scroll            |       |     9 |     2 ||    11
       Potion            |       |       |     6 ||     6
  Eat: Chunk             |     3 |     7 |     2 ||    12
       Beef jerky        |       |     2 |     1 ||     3
       Bread ration      |       |       |     2 ||     2
       Meat ration       |       |       |     1 ||     1
       Royal jelly       |       |       |     1 ||     1
